Map: Acropolis LE

Players

goblin

  • Race: Protoss Protoss
  • Spawn Location: 5:00

Clem - Winner!

  • Race: Terran Terran
  • Spawn Location: 11:00

Event: 2019 WCS Summer

VOD

Have the link to the VOD?

Description

Time

  • Played on: July 13, 2019, 8:13 a.m.
  • Length: 11:26

All games in this series

Show
View Real Time Build Order
Export as new Build Order

goblin Protoss 

Build Orders: 1 Gate Expand, Phoenix Opening, Colossus Rush 

Get SALT Encoding   

  12  0:00  Probe  
  13  0:12  Probe  
  14  0:17  Pylon  
  14  0:24  Probe  
  15  0:32  Probe  
  15  0:36  Gateway  
  15  0:40  Probe  
  16  0:46  Assimilator  
  17  0:51  Probe  
  18  1:03  Probe  
  19  1:18  Nexus  
  19  1:21  Probe  
  20  1:30  Cybernetics Core  
  20  1:33  Probe  
  20  1:39  Assimilator  
  21  1:45  Probe  
  22  1:48  Pylon  
  22  1:56  Adept  
  22  1:57  Probe  
  23  2:05  Probe  
  25  2:13  Probe  
  25  2:14  Stargate  
  27  2:24  Probe  
  27  2:26  Probe, Adept  
  30  2:34  Probe  
  30  2:36  Probe  
  33  2:45  Probe  
  33  2:48  Probe  
  35  2:56  Adept  
  35  2:57  Probe, Phoenix  
  40  3:00  Probe  
  41  3:06  Robotics Facility  
  41  3:09  Probe  
  41  3:12  Probe  
  43  3:21  Probe  
  43  3:22  Phoenix  
  43  3:24  Pylon  
  43  3:26  Assimilator  
  46  3:28  Assimilator  
  46  3:35  Probe  
  46  3:39  Probe  
  46  3:47  Probe x2, Phoenix  
  49  3:55  Probe  
  50  3:56  Observer  
  50  3:59  Probe  
  53  4:07  Probe  
  54  4:15  Pylon  
  54  4:18  Robotics Bay  
  54  4:22  Probe x2  
  54  4:27  Observer  
  54  4:32  Nexus  
  54  4:33  Phoenix  
  54  4:34  Probe x2, Pylon  
  59  4:46  Probe  
  59  4:51  Immortal  
  59  4:53  Probe  
  59  4:54  Probe  
  59  4:58  Phoenix  
  55  5:01  Probe  
  55  5:02  Probe  
  57  5:10  Probe  
  58  5:16  Probe  
  58  5:17  Robotics Facility  
  58  5:18  Pylon  
  59  5:22  Colossus  
  59  5:23  Probe, Phoenix  
  62  5:35  Probe  
  69  5:36  Probe  
  69  5:41  Observer  
  70  5:44  Probe  
  70  5:45  Probe, Pylon  
  70  5:47  Probe  
  70  5:48  Phoenix  
  75  5:52  Probe  
  75  5:53  Probe  
  77  5:58  Extended Thermal Lance  
  77  6:00  Probe  
  77  6:03  Probe x2  
  80  6:13  Probe  
  80  6:15  Probe  
  80  6:17  Colossus  
  83  6:18  Observer  
  83  6:19  Observer  
  83  6:23  Probe  
  83  6:25  Probe  
  91  6:31  Protoss Air Weapons Level 1  
  91  6:34  Probe  
  91  6:35  Probe  
  91  6:36  Phoenix  
  91  6:37  Probe  
  91  6:39  Assimilator  
  96  6:41  Assimilator  
  96  6:43  Probe  
  96  6:44  Probe, Pylon  
  97  6:49  Probe  
  97  6:51  Probe  
  97  6:53  Observer  
  97  6:54  Pylon  
  100  6:59  Probe  
  101  7:02  Probe, Immortal  
  101  7:05  Phoenix  
  105  7:11  Shield Battery  
  105  7:13  Shield Battery, Pylon  
  105  7:15  Shield Battery  
  109  7:16  Observer, Shield Battery, Pylon  
  109  7:19  Colossus  
  109  7:20  Observer  
  115  7:30  Phoenix  
  115  7:32  Immortal  
  120  7:44  Pylon x2  
  120  7:49  Observer  
  120  7:55  Phoenix  
  120  7:57  Pylon  
  122  7:59  Probe x2, Robotics Facility  
  122  8:03  Observer  
  122  8:04  Colossus  
  122  8:05  Colossus  
  124  8:07  Probe  
  124  8:11  Probe  
  124  8:12  Observer, Probe  
  122  8:19  Probe  
  135  8:25  Observer  
  135  8:30  Forge  
  135  8:31  Probe  
  135  8:32  Probe, Warp Gate  
  137  8:45  Fleet Beacon  
  137  8:48  Stargate  
  137  8:50  Immortal  
  141  8:57  Phoenix  
  141  8:58  Immortal  
  141  9:02  Immortal  
  151  9:03  Observer  
  151  9:12  Protoss Ground Weapons Level 1  
  151  9:15  Photon Cannon x3  
  151  9:16  Photon Cannon  
  151  9:17  Photon Cannon  
  151  9:19  Photon Cannon  
  151  9:20  Pylon  
  151  9:30  Anion Pulse-Crystals  
  151  9:31  Observer  
  151  9:34  Immortal  
  159  9:38  Immortal  
  159  9:39  Pylon  
  159  9:41  Pylon  
  159  9:52  Nexus  
  159  9:53  Pylon  
  159  9:57  Phoenix  
  161  10:01  Phoenix  
  163  10:18  Nexus  
  163  10:20  Observer, Phoenix, Pylon  
  163  10:21  Phoenix  
  163  10:22  Colossus  
  167  10:31  Gateway  
  167  10:33  Gateway  
  179  10:40  Phoenix  
  179  10:41  Sentry  
  183  10:51  Phoenix, Pylon  
  183  10:53  Shield Battery  
  183  10:54  Shield Battery  
Show
View Real Time Build Order
Export as new Build Order

Clem Terran - Winner!

Build Orders: Gas First Reaper Expand 

Get SALT Encoding   

  12  0:00  SCV  
  13  0:12  SCV  
  14  0:17  Supply Depot  
  14  0:26  SCV  
  15  0:30  Refinery  
  15  0:38  SCV  
  16  0:44  Barracks  
  16  0:51  SCV  
  17  1:03  SCV  
  18  1:15  SCV  
  19  1:30  Orbital Command  
  19  1:31  Reaper  
  20  1:43  Command Center  
  20  1:55  Factory  
  20  1:58  SCV  
  21  2:07  Barracks Reactor  
  21  2:10  SCV  
  21  2:14  Supply Depot  
  22  2:21  Refinery  
  22  2:22  SCV  
  23  2:36  SCV  
  24  2:43  Starport  
  24  2:47  Hellion x2  
  24  2:48  SCV  
  29  2:55  Orbital Command  
  29  3:00  SCV  
  30  3:09  Widow Mine  
  30  3:10  Widow Mine  
  34  3:14  SCV  
  34  3:15  Marine  
  35  3:20  Supply Depot  
  35  3:21  Medivac  
  35  3:24  SCV  
  38  3:31  Widow Mine x2  
  38  3:33  SCV  
  43  3:36  SCV  
  43  3:37  Marine  
  43  3:43  Supply Depot  
  43  3:46  SCV  
  42  3:50  SCV  
  42  3:52  Medivac  
  42  3:55  Marine  
  46  3:56  Widow Mine  
  46  3:57  Widow Mine  
  46  3:58  SCV  
  46  4:02  SCV, Supply Depot  
  52  4:10  SCV  
  52  4:14  SCV  
  52  4:15  Barracks Tech Lab  
  54  4:17  Widow Mine  
  54  4:18  Widow Mine  
  54  4:22  SCV  
  58  4:26  SCV  
  59  4:32  Command Center  
  59  4:38  Viking  
  59  4:40  Marine  
  59  4:41  SCV  
  59  4:44  Supply Depot  
  62  4:46  Stimpack  
  62  4:50  SCV  
  63  4:53  SCV  
  63  4:58  Marine, Supply Depot  
  63  5:08  Barracks, SCV  
  63  5:10  Factory Tech Lab, SCV  
  63  5:12  Barracks  
  65  5:14  Starport Reactor  
  65  5:16  Marine  
  65  5:19  Engineering Bay x2  
  65  5:20  SCV  
  67  5:24  SCV  
  67  5:25  Refinery  
  67  5:26  Refinery  
  66  5:32  SCV  
  66  5:34  Marine  
  68  5:36  SCV  
  68  5:37  Supply Depot  
  68  5:40  Factory Reactor  
  69  5:45  SCV  
  69  5:46  Orbital Command  
  69  5:48  Terran Infantry Weapons Level 1, Terran Infantry Armor Level 1  
  70  5:50  SCV  
  70  5:52  Marine  
  70  5:55  Missile Turret  
  70  5:56  Marine x2, Missile Turret  
  74  6:01  SCV  
  74  6:02  SCV  
  76  6:04  Combat Shield  
  76  6:05  Marauder  
  76  6:10  Marauder  
  80  6:14  Marine x2, SCV x2  
  84  6:18  Supply Depot  
  84  6:20  Widow Mine x2  
  84  6:22  Medivac x2  
  92  6:28  Marauder, Supply Depot  
  92  6:31  Orbital Command, SCV x2  
  92  6:33  Marine  
  92  6:36  Marauder  
  92  6:38  Marine  
  94  6:43  SCV x2  
  94  6:44  Missile Turret  
  94  6:45  Widow Mine  
  98  6:47  Widow Mine  
  98  6:49  Marauder  
  98  6:52  Concussive Shells, Marine  
  103  6:55  SCV  
  103  6:56  SCV  
  103  6:59  SCV  
  103  7:00  Supply Depot  
  106  7:02  Marauder  
  106  7:05  Marine  
  106  7:06  Medivac  
  106  7:07  SCV  
  106  7:08  Medivac  
  111  7:10  Widow Mine  
  111  7:11  SCV  
  116  7:17  SCV  
  116  7:18  Supply Depot  
  116  7:19  SCV  
  116  7:22  Marine, Armory  
  119  7:23  SCV  
  119  7:24  Marauder  
  119  7:26  Marine  
  123  7:34  Marauder, SCV  
  124  7:38  SCV  
  124  7:39  Barracks  
  124  7:40  Barracks  
  125  7:45  Marauder  
  125  7:47  Marine x2  
  125  7:50  SCV  
  130  7:52  Starport  
  130  7:53  SCV x2  
  130  7:55  Refinery  
  130  7:57  Refinery  
  122  7:59  Medivac  
  122  8:00  Medivac  
  122  8:01  Marauder  
  123  8:07  Marine x2, Marauder  
  123  8:08  SCV  
  126  8:13  SCV x2  
  126  8:14  Supply Depot  
  126  8:17  Terran Infantry Weapons Level 2  
  128  8:22  Marauder  
  128  8:25  Marine x2  
  128  8:26  Terran Infantry Armor Level 2  
  123  8:27  SCV x2  
  123  8:33  Barracks Reactor, Barracks Tech Lab  
  124  8:36  SCV  
  124  8:39  Marauder, SCV  
  128  8:43  Viking  
  128  8:44  Marauder  
  128  8:45  Viking  
  128  8:46  Marine x2  
  136  8:49  Supply Depot  
  136  8:51  Viking  
  136  8:53  Viking  
  140  8:56  Marauder  
  140  9:01  Marauder  
  144  9:04  Supply Depot x2  
  144  9:05  Terran Ship Weapons Level 1  
  144  9:06  Marine x2  
  144  9:08  Marauder  
  148  9:12  Marine  
  148  9:13  Marine  
  150  9:17  Viking x2, Marauder, Supply Depot  
  156  9:24  Supply Depot  
  156  9:25  Viking  
  156  9:26  Viking  
  156  9:27  Marine x2  
  156  9:30  Marine x2, Marauder  
  166  9:32  Marauder  
  168  9:38  Marine  
  168  9:39  Ghost Academy  
  168  9:44  Marine  
  168  9:45  Marine  
  171  9:46  Supply Depot  
  171  9:48  Marine  
  171  9:49  Command Center  
  171  9:52  Marine  
  171  9:54  Viking  
  171  9:55  Viking  
  175  10:01  Supply Depot  
  175  10:05  Viking x2  
  178  10:08  Ghost  
  178  10:10  Ghost  
  182  10:15  Marine x4  
  182  10:16  Ghost  
  187  10:31  Viking x2  
  187  10:35  Barracks  
  191  10:36  Barracks  
  191  10:41  Marine  
  191  10:42  Marine x2  
  194  10:46  Ghost x2  
  198  10:52  Marine  
  199  10:59  Missile Turret  
  199  11:02  Marine  
Tags
 
Add a new tag
Caveats
  • Supply blocks, unpowered buildings, or Contaminate may cause inaccurate times.
  • Supply counts are checked every 10 seconds.